 Dungeon Crawl Stone Soup version 0.30.1-3-gfc49f6343a (webtiles) character file.

Game seed: 3374912566696795459

4410 Pepete the Blocker (level 10, 0/50 HPs)
             Began as a Gargoyle Fire Elementalist on July 27, 2023.
             Was an Initiate of Vehumet.
             Killed themself with a badly aimed concussive blast (26 damage)
             ... on level 9 of the Dungeon.
             The game lasted 00:12:17 (20955 turns).

Pepete the Blocker (Gargoyle Fire Elementalist)    Turns: 20955, Time: 00:12:17

Health: 0/50       AC: 17    Str: 12    XL:     10   Next: 36%
Magic:  7/28       EV: 25    Int: 20    God:    Vehumet [......]
Gold:   535        SH: 12    Dex: 10    Spells: 13/21 levels left

rFire   . . .        (no weapon)
rCold   . . .        a - +2 kite shield
rNeg    + . .        h - +0 robe
rPois   ∞            x - +0 helmet
rElec   +            (no cloak)
rCorr   .            (no gloves)
SInv    .            i - +2 pair of boots
Will    .....        y - amulet of the acrobat
Stlth   ++           v - ring of magical power
HPRegen 0.28/turn    w - +4 ring of protection
MPRegen 0.21/turn

%: acrobat
@: acrobatic
A: sickness immunity, AC +7, negative energy resistance 1, electricity
resistance, torment resistance 1, petrification resistance
a: Renounce Religion


You were on level 9 of the Dungeon.
You worshipped Vehumet.
Vehumet was noncommittal.
You visited 2 branches of the dungeon, and saw 10 of its levels.

You collected 535 gold pieces.

Inventory:

Hand Weapons
 j - a +4 sling
Armour
 a - a +2 kite shield (worn)
 h - a +0 robe (worn)
 i - a +2 pair of boots (worn)
 x - a +0 helmet (worn)
Magical Staves
 t - a staff of air
Jewellery
 v - a ring of magical power (left hand)
 w - a +4 ring of protection (right hand)
 y - an amulet of the acrobat (around neck)
Wands
 z - a wand of light (17)
 D - a wand of mindburst (2)
Scrolls
 e - 2 scrolls of teleportation
 f - a scroll of noise
 m - 3 scrolls of magic mapping
 o - a scroll of brand weapon {unknown}
 p - a scroll of enchant weapon
 s - 2 scrolls of vulnerability {unknown}
 A - a scroll of amnesia {unknown}
 B - a scroll of fog {unknown}
Potions
 b - 3 potions of magic
 c - a potion of cancellation
 d - 4 potions of resistance
 g - 3 potions of haste
 k - a potion of brilliance {unknown}
 l - 2 potions of attraction {unknown}
 n - 4 potions of might
 q - 3 potions of flight
 r - 2 potions of heal wounds
 u - 2 potions of mutation {unknown}
 C - 2 potions of curing {unknown}


   Skills:
 - Level 1.5 Dodging
 - Level 2.1 Stealth
 * Level 10.1 Shields
 + Level 6.4 Spellcasting
 + Level 7.3 Conjurations
 + Level 7.3 Fire Magic


You had 13 spell levels left.
You knew the following spells:

 Your Spells              Type           Power      Damage    Failure   Level
a - Foxfire               Conj/Fire      100%       2x1d9     1%          1
b - Scorch                Fire           70%        2d8       1%          2
c - Volatile Blastmotes   Fire/Tloc      42%        2d13      17%         3
d - Blink                 Tloc           12%        N/A       36%         2

Your spell library contained the following spells:

 Spells                   Type           Power      Damage    Failure   Level
 Flame Wave               Conj/Fire      35%        2d10      12%         4
 Inner Flame              Hex/Fire       21%        N/A       17%         3
 Ensorcelled Hibernation  Hex/Ice        12%        N/A       36%         2
 Spider Form              Tmut/Pois      6%         N/A       58%         3
 Irradiate                Conj/Tmut      10%        3d15      83%         5
 Anguish                  Hex/Necr       3%         N/A       94%         4
 Manifold Assault         Tloc           6%         N/A       94%         4
 Blade Hands              Tmut           3%         N/A       100%        5
 Dragon Form              Tmut           3%         N/A       100%        7
 Storm Form               Tmut/Air       3%         N/A       100%        7


Dungeon Overview and Level Annotations

Branches:
Dungeon (9/15)             Temple (1/1) D:7
   Lair: D:8-11         Orc: D:9-12

Altars:
Ashenzari
Cheibriados
Dithmenos
Elyvilon
Fedhas
Gozag
Hepliaklqana
Kikubaaqudgha
Makhleb
Nemelex Xobeh
Okawaru
Qazlal
Ru
Sif Muna
Trog
Uskayaw
Vehumet
Wu Jian
Xom
Yredelemnul
Zin
The Shining One

Annotations:
D:8 2 runed translucent doors


Innate Abilities, Weirdness & Mutations

You are immune to sickness and miasma.
Your stone body is resilient. (AC +7)
You are immune to poison.
You resist negative energy. (rN+)
You are resistant to electric shocks. (rElec)
You are resistant to unholy torment.
You are immune to petrification.


Message History

Casting: Foxfire (safe; 1% risk of failure)
Confirm with . or Enter, or press ? or * to list all spells.
A cloud of volatile blastmotes flares up around you!
The yak gores you but does no damage. The yak attacks as you move away!
The yak gores you.
The cloud of blastmotes explodes!
The concussive blast engulfs the yak!
The yak is almost dead.
The concussive blast engulfs you!
You are knocked back by the blast.
Casting: Volatile Blastmotes (dangerous; 17% risk of failure)
Confirm with . or Enter, or press ? or * to list all spells.
A cloud of volatile blastmotes flares up around you!
The cloud of blastmotes explodes!
The concussive blast engulfs the yak!
You kill the yak!
Vehumet accepts your kill. The concussive blast engulfs you.
You are knocked back by the blast.
Casting: Volatile Blastmotes (dangerous; 17% risk of failure)
Confirm with . or Enter, or press ? or * to list all spells.
A cloud of volatile blastmotes flares up around you!
The yak is engulfed in a cloud of scalding steam. x2
The yak is engulfed in a cloud of scalding steam.
The yak is engulfed in a cloud of scalding steam.
The cloud of blastmotes explodes!
The concussive blast engulfs the yak!
The yak is heavily wounded.
Casting: Volatile Blastmotes (dangerous; 17% risk of failure)
Confirm with . or Enter, or press ? or * to list all spells.
A cloud of volatile blastmotes flares up around you!
The yak is engulfed in a cloud of scalding steam.
The yak is engulfed in a cloud of scalding steam. x2
The cloud of blastmotes explodes!
The concussive blast engulfs the yak!
The yak is almost dead.
The concussive blast engulfs you.
You are knocked back by the blast.
Casting: Volatile Blastmotes (dangerous; 17% risk of failure)
Confirm with . or Enter, or press ? or * to list all spells.
A cloud of volatile blastmotes flares up around you!
The cloud of blastmotes explodes!
The concussive blast engulfs the yak!
You kill the yak!
Vehumet accepts your kill. The concussive blast engulfs you!!
Ouch! That really hurt!
You die...

.≈ ##≈......#....#......
.≈# ##≈......#....#......
.≈≈##≈≈Y.....#...........
.≈≈≈≈≈≈......#.≈≈≈≈≈≈..#.
...............≈≈##≈≈..#.
...#...........≈####≈..#.
...#.........#.≈## #≈..#.
.. #...†######.≈≈##≈≈..#.
#....@......≈≈≈≈≈≈..#.
######..............##
#..............#.. #.
#..............#.. #.
#....#....#....# #.
#....#....#....# #.
#....#....#....######.
#....#....#...†.....#.
#....#....#...........


You could see a yak.

Vanquished Creatures
  A two-headed ogre (D:8)
  Sigmund (D:3)
  3 wyverns (D:8)
  3 yaks (D:9)
  3 water moccasins
  An acid dragon (D:9)
  An ice beast (D:6)
  3 black bears (D:6)
  An orc warrior (D:9)
  A centaur (D:8)
  2 ogres
  A phantom (D:6)
  A kobold brigand (D:8)
  4 scorpions
  4 bullfrogs
  5 wights (D:9)
  A jelly (D:5)
  A howler monkey (D:9)
  2 electric eels (D:9)
  A hound (D:5)
  An orc priest (D:9)
  A sleepcap (D:5)
  A gnoll bouda (D:7)
  6 iguanas
  6 orc wizards
  Robin (D:2)
  10 adders
  10 gnolls
  2 worms
  3 dart slugs
  18 orcs
  4 endoplasms
  3 giant cockroaches
  16 goblins
  8 hobgoblins
  9 jackals
  4 quokkas
  8 ball pythons
  2 bats
  12 frilled lizards (D:1)
  8 kobolds
  4 rats
177 creatures vanquished.

Vanquished Creatures (others)
  927 foxfires
927 creatures vanquished.

Grand Total: 1104 creatures vanquished

Notes
Turn   | Place    | Note
-------+----------+-------------------------------------------
     0 | D:1      | Pepete the Gargoyle Fire Elementalist began the quest for
                  | the Orb.
     0 | D:1      | Reached XP level 1. HP: 10/10 MP: 3/3
   597 | D:1      | Reached XP level 2. HP: 15/15 MP: 0/5
  2849 | D:1      | Reached XP level 3. HP: 19/19 MP: 1/6
  2992 | D:1      | Reached skill level 1 in Shields
  3764 | D:2      | Learned a level 2 spell: Scorch
  4836 | D:2      | Noticed Robin
  5268 | D:2      | Reached XP level 4. HP: 24/24 MP: 3/7
  5554 | D:2      | Killed Robin
  5555 | D:2      | Reached skill level 2 in Shields
  7131 | D:3      | Found Farem's Book Shop.
  7519 | D:3      | Noticed Sigmund
  7526 | D:3      | Killed Sigmund
  7527 | D:3      | Reached skill level 3 in Shields
  7527 | D:3      | Reached XP level 5. HP: 28/28 MP: 1/9
  7527 | D:3      | Reached XP level 6. HP: 32/32 MP: 1/10
  8591 | D:3      | Reached skill level 4 in Shields
 10012 | D:4      | Reached XP level 7. HP: 36/36 MP: 7/12
 11852 | D:5      | Entered Level 5 of the Dungeon
 11982 | D:5      | Reached skill level 5 in Shields
 13100 | D:5      | Reached skill level 5 in Fire Magic
 13100 | D:5      | Reached XP level 8. HP: 38/41 MP: 13/14
 13671 | D:6      | Reached skill level 6 in Shields
 14254 | D:6      | Reached skill level 5 in Conjurations
 15483 | D:6      | Reached skill level 7 in Shields
 15541 | D:6      | Reached XP level 9. HP: 45/45 MP: 12/16
 15715 | D:6      | Reached skill level 5 in Spellcasting
 16936 | D:7      | Reached skill level 8 in Shields
 17351 | D:7      | Found a staircase to the Ecumenical Temple.
 17361 | Temple   | Entered the Ecumenical Temple
 17573 | Temple   | Became a worshipper of Vehumet
 18050 | D:7      | Found a sacrificial altar of Ru.
 18050 | D:7      | Found a white marble altar of Elyvilon.
 18197 | D:8      | Noticed a two-headed ogre
 18205 | D:8      | Killed a two-headed ogre
 18206 | D:8      | Reached skill level 9 in Shields
 18434 | D:8      | Found a runed translucent door.
 18436 | D:8      | Found a runed translucent door.
 19489 | D:8      | Found a hide-covered altar of Uskayaw.
 19511 | D:8      | Reached XP level 10. HP: 50/50 MP: 19/19
 20373 | D:9      | Found a glowing silver altar of Zin.
 20385 | D:9      | Found an ornate altar of the Wu Jian Council.
 20388 | D:9      | Found a sparkling altar of Nemelex Xobeh.
 20391 | D:9      | Found a shimmering altar of Xom.
 20550 | D:9      | Learned a level 3 spell: Volatile Blastmotes
 20553 | D:9      | Learned a level 2 spell: Blink
 20934 | D:9      | Reached skill level 10 in Shields
 20955 | D:9      | Killed themself with a badly aimed concussive blast

Illustrated notes

Levels and vault maps discovered:
D:1:      lightli_iron_boxes, layout_basic, minmay_lizard_king
D:2:      layout_rooms, chequers_serial_rivers_small_3, uniq_robin
D:3:      layout_basic, serial_shops, nicolae_square_shop, uniq_sigmund
D:4:      layout_cave_pods, grunt_ministairs_2
D:5:      layout_basic
D:6:      minmay_angry_zag, layout_loops_ring, kennysheep_doodads, dk_vineyard_2
D:7:      layout_loops_ring, gammafunk_temple_overflow_wave,
          minmay_temple_entry_arrows, uniq_crazy_yiuf_cottage
D:8:      lemuel_insect_pit, layout_basic, nicolae_uskayaw_dance_hall
D:9:      nicolae_moon_pools, layout_grid_maze, grunt_temple_overflow_cloverleaf
Temple:   nicolae_temple_bog_church

Skill      XL: |  1  2  3  4  5  6  7  8  9 10 |
---------------+-------------------------------+-----
Shields        | 1 3 4 5 7 9 10 | 10.1
Conjurations   | 2 3 4 5 6 7 |  7.3
Spellcasting   | 3 4 6 |  6.4
Fire Magic     | 4 5 6 7 |  7.3
Dodging        | |  1.5
Stealth        | |  2.1

Action                     |  1- 3 |  4- 6 |  7- 9 | 10-12 || total
---------------------------+-------+-------+-------+-------++-------
  Melee: Unarmed           |    25 |     6 |     1 |     1 ||    33
   Cast: Foxfire           |   132 |   111 |   243 |    61 ||   547
         Scorch            |       |    12 |    61 |    25 ||    98
         Volatile Blastmot |       |       |       |     5 ||     5
    Use: Scroll            |     3 |       |     7 |       ||    10
   Stab: Sleeping          |     1 |       |       |       ||     1
 Armour: Robe              |    12 |    21 |    29 |     9 ||    71
  Dodge: Dodged            |    21 |    35 |    37 |     5 ||    98
  Block: Kite shield       |     5 |       |    32 |    22 ||    59
